 Dungeon Crawl Stone Soup version 0.28-a0-724-g66f9036eb4 (webtiles) character file.

Game seed: 1070788150589904644

275 KoroneIsBestGirl the Skirmisher (level 6, -7/33 HPs)
             Began as a Vine Stalker Berserker on Oct 26, 2021.
             Was a Believer of Trog.
             Mangled by a mummy (12 damage)
             ... in an ossuary.
             The game lasted 00:02:47 (2974 turns).

KoroneIsBestGirl the Skirmisher (VSBe)              Turns: 2974, Time: 00:02:48

Health: -7/33      AC:  3    Str: 21    XL:     6   Next: 24%
Magic:  0/16       EV: 12    Int:  7    God:    Trog [**....]
Gold:   64         SH:  0    Dex: 14    Spells: 5/5 levels left

rFire   . . .      SeeInvis .   a - +0 spear
rCold   . . .      Faith    .   (no shield)
rNeg    . . .      Spirit   +   e - +0 leather armour
rPois   .          Reflect  .   (no helmet)
rElec   .          Harm     .   (no cloak)
rCorr   .          Rampage  .   (no gloves)
Will    .....                   (no boots)
Stlth   +.........              g - amulet of the acrobat
HPRegen 1.11/turn               d - ring of magical power
MPRegen 0.15/turn               (no ring)

@: on berserk cooldown, slowed, very slow
A: fangs 2, regeneration 1, magic shield, antimagic bite, no potion heal 2
a: Renounce Religion, Berserk, Trog's Hand


You were in an ossuary.
You worshipped Trog.
Trog was pleased with you.
You visited 1 branch of the dungeon, and saw 4 of its levels.
You also visited: Ossuary.

You collected 64 gold pieces.

Inventory:

Hand Weapons
 a - a +0 spear (weapon)
Armour
 b - a +0 animal skin
 e - a +0 leather armour (worn)
Jewellery
 d - a ring of magical power (left hand)
 g - an amulet of the acrobat (around neck)
Scrolls
 c - a scroll of fear
 h - a scroll of magic mapping {unknown}
 i - a scroll of blinking
 k - a scroll of noise
 l - a scroll of acquirement {unknown}
Potions
 f - 2 potions of heal wounds {unknown}
 j - a potion of haste {unknown}


   Skills:
 + Level 3.8 Fighting
 + Level 3.8 Polearms
 + Level 2.9 Armour
 + Level 2.9 Dodging


You had 5 spell levels left.
You didn't know any spells.
Your spell library contained the following spells:

 Spells                   Type           Power      Damage    Failure   Level
 Sting                    Tmut/Pois      0%         1d3       47%         1


Dungeon Overview and Level Annotations

Branches:
Dungeon (4/15)            Ossuary (1/1)
 Temple: D:4-7

Altars:
Sif Muna

Shops:
D:2 =(


Innate Abilities, Weirdness & Mutations

You have extremely sharp teeth.
Your natural rate of healing is unusually fast.
When hurt, damage is shared between your health and your magic reserves.
Your bite disrupts and absorbs the magic of your enemies.
Potions cannot restore your health.


Message History

You hit the mummy. You bite the mummy, but do no damage.
The mummy is moderately damaged.
You hit the mummy but do no damage. You bite the mummy. You drain its power.
You feel invigorated.
The mummy is moderately damaged.
The mummy barely misses you. x2
You hit the mummy.
The mummy is heavily damaged.
The mummy closely misses you. The mummy barely misses you.
You hit the mummy but do no damage.
The mummy is heavily damaged.
The mummy closely misses you.
You hit the mummy.
The mummy is severely damaged.
The mummy hits you! The mummy barely misses you.
You hit the mummy. You bite the mummy. You drain its power.
You feel invigorated.
The mummy is almost destroyed.
The mummy closely misses you. The mummy hits you.
You hit the mummy.
You destroy the mummy!
Trog accepts your kill. The mummy hits you!!
You hit the mummy. You bite the mummy. You drain its power.
You feel invigorated.
The mummy is moderately damaged.
You hit the mummy.
The mummy is moderately damaged.
The mummy closely misses you.
You hit the mummy but do no damage. You bite the mummy, but do no damage.
The mummy is moderately damaged.
The mummy barely misses you.
You hit the mummy.
The mummy is heavily damaged.
The mummy hits you! The mummy hits you!!
* * * LOW HITPOINT WARNING * * *
You barely miss the mummy. Your bite misses the mummy.
The mummy is heavily damaged.
The mummy hits you!
You die...

#.# #.'
'.# #Z'
#Z# +.+
#####.#
#∩.@#.+
#.∩MMZ#
#...#.'.#
#####.###
..' #+##


You could see 2 mummies and a howler monkey zombie.

Vanquished Creatures
  A bullfrog zombie (Ossuary)
  A gnoll shaman (D:3)
  An orc priest (D:3)
  5 mummies
  3 gnolls (D:3)
  3 adders
  2 worms (D:2)
  2 dart slugs
  4 orcs (D:3)
  8 ball pythons
  3 endoplasms
  2 giant cockroaches
  2 goblins (D:1)
  8 hobgoblins
  4 kobolds
  2 quokkas
  4 bats
  3 frilled lizards
  6 rats
64 creatures vanquished.

Notes
Turn   | Place    | Note
-------+----------+-------------------------------------------
     0 | D:1      | KoroneIsBestGirl the Vine Stalker Berserker began the quest
                  | for the Orb.
     0 | D:1      | Reached XP level 1. HP: 11/11 MP: 2/2
    92 | D:1      | Reached XP level 2. HP: 15/16 MP: 1/3
   688 | D:1      | Reached XP level 3. HP: 20/20 MP: 4/4
  1066 | D:2      | Reached ** piety under Trog
  1077 | D:2      | Found Jycosiapn's Weapon Boutique.
  1709 | D:2      | Found Imig's Jewellery Boutique.
  1826 | D:2      | Gained mutation: Your natural rate of healing is unusually
                  | fast. [Vine Stalker growth]
  1826 | D:2      | Reached XP level 4. HP: 18/24 MP: 5/5
  1852 | D:2      | Found a faded altar of an unknown god.
  2045 | D:2      | Got Plato's Collected Works on Toxins
  2503 | D:3      | Reached XP level 5. HP: 28/28 MP: 6/6
  2808 | D:3      | Found a shimmering blue altar of Sif Muna.
  2896 | D:4      | Found a sand-covered staircase.
  2939 | Ossuary  | Entered an ossuary
  2954 | Ossuary  | Reached XP level 6. HP: 33/33 MP: 7/7
  2974 | Ossuary  | Mangled by a mummy

Illustrated notes

Levels and vault maps discovered:
D:1:      lightli_arrival_isolated_outpost, layout_basic,
          hangedman_decor_growths
D:2:      layout_basic, serial_shops, shop, shop, serial_rivers,
          chequers_serial_rivers_small_3, chequers_serial_rivers_small_b,
          chequers_serial_rivers_micro_d, chequers_serial_rivers_small_a,
          chequers_serial_rivers_micro_e, shapermc_ecumenical_altar_rom_forum
D:3:      layout_rooms, nicolae_sif_muna_little_library
D:4:      layout_cave_pods, gup_ossuary_entry_pyramid, serial_co_window_serial,
          co_window_cross_1, co_window_corner_a, co_window_of_opportunity_a,
          co_window_paths_a, co_window_corner_a, co_window_paths_a,
          co_window_broadway_b, co_window_broadway_b, co_window_unsneaky_path_d,
          glass_columns_a, uniq_duvessa
Ossuary:  ossuary_zaba_flooded

Skill      XL: |  1  2  3 |
---------------+----------+-----
Fighting       | 3 |  3.8
Armour         | 2 |  2.9
Polearms       | 3 |  3.8
Dodging        | 2 |  2.9

Action                   |  1- 3 |  4- 6 || total
-------------------------+-------+-------++-------
Melee: Spear             |   103 |    84 ||   187
       Bite              |    20 |    30 ||    50
Invok: Berserk           |     1 |     4 ||     5
  Use: Scroll            |       |     3 ||     3
 Stab: Sleeping          |     4 |       ||     4
Armor: Leather armour    |     9 |     6 ||    15
       Animal skin       |     3 |       ||     3
Dodge: Dodged            |    31 |    30 ||    61

Table legend: (Time is in decaauts)
 A = Elapsed time spent in this place.
 B = Non-inter-level travel time spent in this place.
 C = Inter-level travel time spent in this place.
 D = Time resting spent in this place.
 E = Time spent auto-exploring this place.
 F = Levels seen in this place.
 G = Mean time per level.
                   A        B        C        D        E       F      G
               +--------+--------+--------+--------+--------+-----+--------+
         Total |   3013 |   2919 |     94 |    177 |   2358 |   5 |  602.6 |
       Dungeon |   2975 |   2881 |     94 |    177 |   2356 |   4 |  743.8 |
       Ossuary |     38 |     38 |      0 |      0 |      2 |   1 |   38.0 |
               +--------+--------+--------+--------+--------+-----+--------+

Top non-repeatable levels by time:
     D:2: 1402 daAuts
     D:1: 962 daAuts
     D:3: 523 daAuts
     D:4: 87 daAuts
 Ossuary: 38 daAuts
